[Event "Titled Tuesday Blitz August 1 Late 2023"]
[White "Stanisz, Patryk"]
[Black "Winkels, Marcel"]
[WhiteFideId "1123106"]
[BlackFideId "1003887"]
[WhiteElo "2289"]
[BlackElo "2080"]
[Result "1-0"]
[Round "8"]
[TimeControl "180+1"]
[Date "2023.08.01"]
[WhiteClock "0:01:35"]
[BlackClock "0:00:00"]
[Board "129"]

1. d4 Nf6 2. c4 g6 3. Nc3 d5 4. Nf3 Bg7 5. Qb3 dxc4 6. Qxc4 O-O 7. Bf4 a6 8. e3 Nc6 9. Be2 Bd7 10. d5 b5 11. Qc5 Na5 12. Qxc7 Qxc7 13. Bxc7 Nc4 14. Bxc4 bxc4 15. Be5 Ne8 16. Bxg7 Kxg7 17. Ne5 Bf5 18. e4 Bc8 19. Nxc4 a5 20. Nb6 Rb8 21. Nxc8 Rxc8 22. Ke2 Nd6 23. f3 Nc4 24. Na4 Rb8 25. b3 Nd6 26. Rac1 Rfc8 27. Kd2 Kf6 28. Nc5 Ke5 29. Nd7+ Kd4 30. Nxb8 Rxb8 31. Rhd1 f5 32. Ke2+ Ke5 33. exf5 Nxf5 34. Rc5 a4 35. d6+ Kf6 36. d7 Nd6 37. Rxd6+ exd6 38. Rc8 axb3 39. Rxb8 bxa2 40. d8=Q+ Kf5 41. Rb5+ Ke6 42. Qe8+ Kf6 43. Ra5 1-0


[Site "https://www.chess.com"]

[Event "Titled Tuesday Blitz August 1 Late 2023"]
[White "Arias Igual, Alejandro"]
[Black "Semenova, Alina"]
[WhiteFideId "2254905"]
[BlackFideId "24113875"]
[WhiteElo "2243"]
[BlackElo "2079"]
[Result "1-0"]
[Round "8"]
[TimeControl "180+1"]
[Date "2023.08.01"]
[WhiteClock "0:02:08"]
[BlackClock "0:02:51"]
[Board "130"]

1. Nf3 Nf6 2. g3 d6 3. Bg2 g6 4. O-O Bg7 5. d3 O-O 6. e4 c5 7. c3 Nc6 8. h3 b5 9. d4 Qb6 10. e5 Ne8 11. Be3 Bb7 12. exd6 Nxd6 13. dxc5 Qc7 14. cxd6 exd6 15. Nbd2 1-0


[Site "https://www.chess.com"]

[Event "Titled Tuesday Blitz August 1 Late 2023"]
[White "Vargas, Mauricio"]
[Black "Celestino, Rafael Teixeira"]
[WhiteFideId "4404572"]
[BlackFideId "2108925"]
[WhiteElo "1888"]
[BlackElo "2223"]
[Result "0-1"]
[Round "8"]
[TimeControl "180+1"]
[Date "2023.08.01"]
[WhiteClock "0:00:00"]
[BlackClock "0:01:26"]
[Board "131"]

1. e4 e5 2. Nf3 Nc6 3. d4 exd4 4. Bc4 Bc5 5. c3 dxc3 6. Bxf7+ Kf8 7. Bxg8 Rxg8 8. Ng5 cxb2 9. Bxb2 Qxg5 10. Qf3+ Ke8 11. O-O d6 12. Nc3 Nd4 13. Qd3 Bg4 14. Kh1 Rf8 15. f3 Bd7 16. Nd5 Kd8 17. Bxd4 c6 18. Bxc5 dxc5 19. Ne3 Kc7 20. Rfd1 Rad8 21. Qd6+ Kc8 22. Nc4 Bh3 23. Qg3 Rxd1+ 24. Rxd1 Qxg3 25. hxg3 Be6 26. Ne3 Bxa2 27. Ra1 Bb3 28. Rxa7 Kc7 29. g4 c4 30. Ra3 b5 31. Kg1 b4 32. Ra7+ Kb6 33. Rxg7 c3 0-1


[Site "https://www.chess.com"]

[Event "Titled Tuesday Blitz August 1 Late 2023"]
[White "Zhigalko, Sergei"]
[Black "Firouzja, Alireza"]
[WhiteFideId "13502956"]
[BlackFideId "12573981"]
[WhiteElo "2926"]
[BlackElo "3103"]
[Result "1/2-1/2"]
[Round "9"]
[TimeControl "180+1"]
[Date "2023.08.01"]
[WhiteClock "0:00:03"]
[BlackClock "0:00:14"]
[Board "1"]

1. e4 e5 2. Nf3 Nc6 3. Bb5 a6 4. Ba4 Nf6 5. O-O Be7 6. Re1 b5 7. Bb3 d6 8. c3 O-O 9. h3 Re8 10. Ng5 Rf8 11. Nf3 Be6 12. d4 Bxb3 13. Qxb3 Re8 14. d5 Na5 15. Qc2 c6 16. dxc6 h6 17. a4 Nxc6 18. b4 d5 19. axb5 axb5 20. Rxa8 Qxa8 21. exd5 Nxd5 22. Nxe5 Bxb4 23. Nf3 Rxe1+ 24. Nxe1 Nd4 25. Qe4 Qa2 26. cxb4 Ne2+ 27. Kh2 Nxc1 28. Qe8+ Kh7 29. Qxf7 Ne2 30. Qf5+ Kh8 31. Qf8+ Kh7 32. Qf5+ Kg8 33. Qe6+ Kf8 34. Na3 Nef4 35. Qf5+ Kg8 36. Qc8+ Kf7 37. Qf5+ Ke8 38. Nxb5 Qxf2 39. Qe5+ Kf8 40. Qf5+ Kg8 41. Qc8+ Kh7 42. Qf5+ Kg8 43. Qc8+ Kh7 44. Qf5+ Kg8 1/2-1/2


[Site "https://www.chess.com"]

[Event "Titled Tuesday Blitz August 1 Late 2023"]
[White "Carlsen, Magnus"]
[Black "Matlakov, Maxim"]
[WhiteFideId "1503014"]
[BlackFideId "4168003"]
[WhiteElo "3252"]
[BlackElo "2980"]
[Result "1-0"]
[Round "9"]
[TimeControl "180+1"]
[Date "2023.08.01"]
[WhiteClock "0:00:06"]
[BlackClock "0:00:00"]
[Board "2"]

1. g3 d5 2. Nf3 Nf6 3. Bg2 e6 4. O-O Be7 5. d3 O-O 6. Nbd2 a5 7. a4 Nc6 8. e4 dxe4 9. dxe4 e5 10. Nc4 Qxd1 11. Rxd1 Bg4 12. Be3 Nd7 13. c3 Rfd8 14. h4 Be6 15. Bf1 f6 16. Kg2 Nc5 17. Bxc5 Bxc5 18. Ncd2 Kf7 19. Bc4 b6 20. Kf1 Be7 21. h5 Nb8 22. Ne1 Nd7 23. Nd3 g6 24. Ke2 Nc5 25. Nxc5 Bxc5 26. Bxe6+ Kxe6 27. Nf3 Be7 28. Rxd8 Rxd8 29. hxg6 hxg6 30. Rh1 Rb8 31. Nd2 c6 32. Rh6 b5 33. axb5 cxb5 34. Rxg6 a4 35. Rh6 b4 36. Rh1 bxc3 37. bxc3 a3 38. Ra1 Bc5 39. Nc4 Ra8 40. f3 Rg8 41. g4 Ra8 42. Kd3 Ra7 43. Kc2 Ra8 44. Kb3 Rb8+ 45. Ka2 Rc8 46. Rc1 Rb8 47. Rc2 Rd8 48. Rd2 Rh8 49. Na5 Rc8 50. Rd3 Be7 51. Nb3 Bd6 52. Nd2 Be7 53. Nb1 Bc5 54. Rd5 Bd6 55. Ra5 Rc7 56. Ra4 Ke7 57. c4 Rd7 58. Nxa3 Bxa3 59. Kxa3 Rd3+ 60. Kb4 Rxf3 61. Ra7+ Ke6 62. Ra6+ Ke7 63. Kb5 Rf4 64. Ra7+ Ke6 65. c5 Rxe4 66. c6 Re1 67. Ra8 Rb1+ 68. Kc5 Rc1+ 69. Kb6 Rb1+ 70. Kc7 e4 71. Re8+ Kd5 72. Kd7 Rc1 73. c7 Kd4 74. c8=Q Rc7+ 75. Qxc7 1-0


[Site "https://www.chess.com"]

[Event "Titled Tuesday Blitz August 1 Late 2023"]
[White "Andreikin, Dmitry"]
[Black "Bortnyk, Olexandr"]
[WhiteFideId "4158814"]
[BlackFideId "14120828"]
[WhiteElo "3061"]
[BlackElo "3064"]
[Result "0-1"]
[Round "9"]
[TimeControl "180+1"]
[Date "2023.08.01"]
[WhiteClock "0:00:01"]
[BlackClock "0:00:03"]
[Board "3"]

1. d4 d6 2. e4 Nf6 3. Nc3 e5 4. Nf3 Nbd7 5. g4 h6 6. Rg1 c6 7. Bc4 b5 8. Bb3 b4 9. Na4 Nxe4 10. dxe5 d5 11. Be3 Ba6 12. Qd4 Qa5 13. O-O-O Ndc5 14. e6 Nxe6 15. Qe5 Bd6 16. Qh5 Bb5 17. Rxd5 cxd5 18. Bxd5 g6 19. Bc6+ Ke7 20. Qxb5 Qxb5 21. Bxb5 Rac8 22. Bxa7 Bf4+ 23. Kb1 Rhd8 24. Re1 Nd2+ 25. Nxd2 Bxd2 26. Re2 Bf4 27. a3 bxa3 28. bxa3 Kf6 29. c4 Bxh2 30. Nb6 Rc7 31. Nd5+ Rxd5 32. cxd5 Nf4 33. Bd4+ Kg5 34. d6 Rb7 35. Re5+ Kxg4 36. d7 Ne6 37. Rxe6 Rxb5+ 38. Kc2 Rd5 39. Re4+ Kf5 40. Re7 Rxd4 41. Rxf7+ Ke6 42. Rg7 Kf6 43. Rh7 h5 44. a4 Bc7 45. Kc3 Rxa4 46. Kb3 Rd4 47. Rh8 Rxd7 48. Kc4 Kg5 49. Rc8 Be5 50. Kc5 Rc7+ 0-1


[Site "https://www.chess.com"]

[Event "Titled Tuesday Blitz August 1 Late 2023"]
[White "Kazakouski, Valery"]
[Black "Grischuk, Alexander"]
[WhiteFideId "13507443"]
[BlackFideId "4126025"]
[WhiteElo "2907"]
[BlackElo "3004"]
[Result "0-1"]
[Round "9"]
[TimeControl "180+1"]
[Date "2023.08.01"]
[WhiteClock "0:00:58"]
[BlackClock "0:00:25"]
[Board "4"]

1. Nf3 Nf6 2. c4 e6 3. g3 d5 4. b3 d4 5. e3 c5 6. exd4 cxd4 7. Bg2 Nc6 8. O-O Bd6 9. d3 h6 10. Ba3 O-O 11. Re1 a5 12. Bxd6 Qxd6 13. Nbd2 e5 14. a3 Bf5 15. Qc2 Rfe8 16. h3 Nd7 17. Nh4 Bh7 18. Ne4 Qe7 19. Nf3 f5 20. Ned2 Nc5 21. Bf1 e4 22. Qb2 Qf6 23. b4 Na4 24. Qc2 Nc3 25. b5 exf3 26. bxc6 Qxc6 27. Nb3 Qf6 28. Qb2 f4 29. g4 h5 30. gxh5 Re2 31. Bxe2 Qg5+ 0-1


[Site "https://www.chess.com"]

[Event "Titled Tuesday Blitz August 1 Late 2023"]
[White "Martinez Alcantara, Jose Eduardo"]
[Black "Harshavardhan G B"]
[WhiteFideId "3805662"]
[BlackFideId "25059009"]
[WhiteElo "2981"]
[BlackElo "2885"]
[Result "1/2-1/2"]
[Round "9"]
[TimeControl "180+1"]
[Date "2023.08.01"]
[WhiteClock "0:00:22"]
[BlackClock "0:00:26"]
[Board "5"]

1. e4 e5 2. Nf3 Nc6 3. Nc3 Nf6 4. h3 Bb4 5. a3 Bxc3 6. dxc3 Nxe4 7. Nxe5 Nxe5 8. Qd4 O-O 9. Qxe4 Re8 10. Be3 d5 11. Qf4 Nc4 12. Bxc4 dxc4 13. Qxc4 Bf5 14. Rd1 Qf6 15. Kd2 Qg6 16. Qa4 Qxg2 17. Kc1 Qe4 18. Qxe4 Rxe4 19. h4 h5 20. b3 f6 21. Kb2 Kf7 22. a4 a5 23. Rd4 Rae8 24. Rhd1 c6 25. c4 Rxd4 26. Rxd4 Re4 27. Rxe4 Bxe4 28. Bb6 g5 29. Bxa5 gxh4 30. Bc7 Kg6 31. Kc3 c5 32. Kd2 Kg5 33. c3 Kg4 34. Ke3 Bc2 35. b4 Bxa4 36. f3+ Kh3 37. Kf2 Bb3 38. bxc5 Bxc4 39. Bd8 f5 40. Bc7 Bd5 41. Bf4 Bc6 42. Be5 Bd5 43. Bf4 Bc6 44. Bd6 Bd5 45. Bf4 1/2-1/2


[Site "https://www.chess.com"]

[Event "Titled Tuesday Blitz August 1 Late 2023"]
[White "Zierk, Steven"]
[Black "He, Anthony"]
[WhiteFideId "2034255"]
[BlackFideId "2088215"]
[WhiteElo "2873"]
[BlackElo "2944"]
[Result "1-0"]
[Round "9"]
[TimeControl "180+1"]
[Date "2023.08.01"]
[WhiteClock "0:00:15"]
[BlackClock "0:00:34"]
[Board "6"]

1. e4 c5 2. Nf3 Nc6 3. Bb5 g6 4. O-O Bg7 5. c3 Nf6 6. Re1 O-O 7. d4 d5 8. e5 Ne4 9. Be3 Qb6 10. a4 cxd4 11. cxd4 a6 12. Bxc6 bxc6 13. Nbd2 Bg4 14. Qc2 Rab8 15. Nxe4 dxe4 16. Qxe4 Bf5 17. Qh4 h5 18. Qxe7 Qxb2 19. Ng5 Qb4 20. Qa7 Ra8 21. Qc7 Rac8 22. Qd6 Qxd6 23. exd6 Rfd8 24. Bf4 Bxd4 25. Rad1 c5 26. Nf3 Bc3 27. Re3 Bb4 28. Bg5 c4 29. Bxd8 Rxd8 30. Ne5 c3 31. Nc6 c2 32. Rf1 Rxd6 33. Nxb4 a5 34. Na2 Rd1 35. Nc1 Rd4 36. Ra3 Bd7 37. f3 Bxa4 38. Kf2 Bb5 39. Re1 Rd2+ 40. Ke3 Rd1 41. Kf2 Rd2+ 42. Kg3 Rd1 43. Rae3 Bc4 44. Re4 Bd5 45. R4e2 a4 46. Kf2 Bb3 47. Re3 Kg7 48. Ke2 Bc4+ 49. Kf2 Bb3 50. Rc3 Rd2+ 51. Re2 Rd1 52. Rexc2 Bxc2 53. Rxc2 a3 54. g3 h4 55. gxh4 Kh6 56. Ne2 Kh5 57. Kg3 Ra1 58. Rc8 Kh6 59. Ra8 f5 60. Nf4 a2 61. Kg2 g5 62. Ra6+ 1-0


[Site "https://www.chess.com"]

[Event "Titled Tuesday Blitz August 1 Late 2023"]
[White "Demidov, Mikhail"]
[Black "Pakleza, Zbigniew"]
[WhiteFideId "4197143"]
[BlackFideId "1119290"]
[WhiteElo "2941"]
[BlackElo "2800"]
[Result "1-0"]
[Round "9"]
[TimeControl "180+1"]
[Date "2023.08.01"]
[WhiteClock "0:00:34"]
[BlackClock "0:00:02"]
[Board "7"]

1. Nf3 d5 2. c4 c6 3. g3 Nf6 4. Bg2 Bf5 5. Qb3 Qb6 6. cxd5 Qxb3 7. axb3 Nxd5 8. d3 Bg6 9. Na3 e6 10. Nc4 Nd7 11. Bd2 Bc5 12. O-O f6 13. Rfc1 Kf7 14. b4 Be7 15. Na5 Rab8 16. Nd4 Nxb4 17. Bxb4 Bxb4 18. Naxc6 bxc6 19. Rxa7 Rhd8 20. Nxc6 Be7 21. Nxd8+ Rxd8 22. Rcc7 Ke8 23. Rxd7 Rxd7 24. Bc6 Bc5 25. Rxd7 1-0


[Site "https://www.chess.com"]

[Event "Titled Tuesday Blitz August 1 Late 2023"]
[White "Elsa167"]
[Black "Hakobyan, Aram"]
[BlackFideId "13306677"]
[WhiteElo "2785"]
[BlackElo "2931"]
[Result "1-0"]
[Round "9"]
[TimeControl "180+1"]
[Date "2023.08.01"]
[WhiteClock "0:00:12"]
[BlackClock "0:00:02"]
[Board "8"]

1. d4 g6 2. c4 Bg7 3. e4 c5 4. d5 d6 5. Nf3 Nf6 6. Nc3 O-O 7. Be2 e6 8. O-O Re8 9. Nd2 Nbd7 10. Re1 a6 11. a4 b6 12. Bf1 e5 13. a5 bxa5 14. Nb3 Nh5 15. Nxa5 Ndf6 16. Nc6 Qc7 17. Qa4 Bd7 18. Qa5 Qb7 19. Qa4 Nf4 20. Ra3 h5 21. Rb3 Qc8 22. Rb6 h4 23. Bd2 N6h5 24. Ra1 Bf6 25. Rxa6 Rb8 26. Qa2 Bxc6 27. dxc6 Qg4 28. Be3 Bg5 29. b3 Rxb3 30. Qxb3 Nh3+ 31. Kh1 Bxe3 32. gxh3 Qf3+ 33. Bg2 Qxf2 34. Rf1 Qd2 35. Nb1 Qd4 36. Rd1 Rb8 37. Qxb8+ Kg7 38. Rxd4 Ng3+ 1-0


[Site "https://www.chess.com"]

[Event "Titled Tuesday Blitz August 1 Late 2023"]
[White "Bauman_Guy"]
[Black "Pranav, V"]
[BlackFideId "25060783"]
[WhiteElo "2811"]
[BlackElo "3008"]
[Result "1-0"]
[Round "9"]
[TimeControl "180+1"]
[Date "2023.08.01"]
[WhiteClock "0:00:25"]
[BlackClock "0:00:03"]
[Board "9"]

1. e4 e5 2. Nf3 Nc6 3. Bb5 a6 4. Ba4 Nf6 5. O-O Be7 6. Re1 b5 7. Bb3 O-O 8. h3 d6 9. c3 Nb8 10. d4 Nbd7 11. Nbd2 Bb7 12. Bc2 Re8 13. Nf1 Bf8 14. Ng3 g6 15. Bd2 c6 16. Qc1 Bg7 17. Bh6 Qe7 18. Bxg7 Kxg7 19. Qg5 Kh8 20. a4 Nf8 21. dxe5 dxe5 22. b4 Rad8 23. axb5 cxb5 24. Red1 Rc8 25. Qe3 Qc7 26. Bb3 Re7 27. Rd3 Ne6 28. Rad1 Nf4 29. Rd6 Ne8 30. R6d2 Qxc3 31. Rd8 Kg7 32. Rxc8 Qxc8 33. Nxe5 Nxh3+ 34. gxh3 Rxe5 35. Qd4 f6 36. Qd7+ Kh6 37. Qf7 Bc6 38. h4 Qg4 39. Qf8+ Ng7 40. Qxf6 Re6 41. Bxe6 Nxe6 42. Rd6 Nf4 43. Qf8# 1-0


[Site "https://www.chess.com"]

[Event "Titled Tuesday Blitz August 1 Late 2023"]
[White "Krzyzanowski, Marcin"]
[Black "Kamsky, Gata"]
[WhiteFideId "1132199"]
[BlackFideId "2000024"]
[WhiteElo "2778"]
[BlackElo "2989"]
[Result "1-0"]
[Round "9"]
[TimeControl "180+1"]
[Date "2023.08.01"]
[WhiteClock "0:00:19"]
[BlackClock "0:00:01"]
[Board "10"]

1. e4 c5 2. Nf3 e6 3. d4 cxd4 4. Nxd4 a6 5. Nc3 b5 6. Bd3 Qb6 7. Nb3 Qc7 8. O-O Nc6 9. f4 Nb4 10. Be2 Bb7 11. a3 Nc6 12. Bf3 Nge7 13. Kh1 Ng6 14. Nd5 exd5 15. exd5 Na5 16. Qe1+ Be7 17. Qxa5 Qxc2 18. Nd4 Qc4 19. Be3 O-O 20. Rfc1 Qa4 21. Qxa4 bxa4 22. Rc7 Bc8 23. Rac1 Bd6 24. R7c4 Bxf4 25. Bxf4 Nxf4 26. Nf5 Nd3 27. R1c3 Re8 28. Rxc8 Raxc8 29. Rxc8 Rxc8 30. Ne7+ Kf8 31. Nxc8 Nxb2 32. Be2 Ke8 33. d6 Kd8 34. Nb6 1-0


[Site "https://www.chess.com"]

[Event "Titled Tuesday Blitz August 1 Late 2023"]
[White "Weetik, Vjacheslav"]
[Black "Aravindh, Chithambaram VR."]
[WhiteFideId "4153472"]
[BlackFideId "5072786"]
[WhiteElo "2769"]
[BlackElo "2889"]
[Result "0-1"]
[Round "9"]
[TimeControl "180+1"]
[Date "2023.08.01"]
[WhiteClock "0:00:03"]
[BlackClock "0:00:03"]
[Board "11"]

1. d4 Nf6 2. c4 b6 3. f3 Bb7 4. e4 Nc6 5. d5 Ne5 6. f4 Ng6 7. e5 Ng8 8. Nf3 e6 9. a3 Nh6 10. Nc3 Be7 11. Bd3 O-O 12. O-O exd5 13. cxd5 d6 14. Bc2 dxe5 15. fxe5 Ng4 16. Qe2 Bxd5 17. Nxd5 Qxd5 18. Be4 Qc5+ 19. Kh1 Rad8 20. b4 Qc3 21. h3 Qxa1 22. hxg4 Qc3 23. Bb2 Qb3 24. g3 c5 25. bxc5 Bxc5 26. Kg2 Bxa3 27. Ba1 Bc5 28. Rh1 Rfe8 29. Ng5 Qe3 30. Qxe3 Bxe3 31. Nxh7 Rd2+ 32. Kf3 Bc5 33. Bxg6 fxg6 34. Ng5 Rf8+ 35. Ke4 a5 36. Ne6 Re8 37. Nf4 a4 38. Nxg6 a3 39. Nf4 a2 40. e6 Bd6 41. Kf5 Bxf4 42. gxf4 Rd5+ 43. Ke4 Rb5 44. f5 Rb1 45. f6 gxf6 46. Rh2 Rxa1 47. Kf5 Rf1+ 48. Kg6 a1=Q 49. Rh7 Qb1+ 0-1


[Site "https://www.chess.com"]

[Event "Titled Tuesday Blitz August 1 Late 2023"]
[White "Shtembuliak, Evgeny"]
[Black "Tsaruk, Maksim"]
[WhiteFideId "14113325"]
[BlackFideId "13511173"]
[WhiteElo "2870"]
[BlackElo "2751"]
[Result "0-1"]
[Round "9"]
[TimeControl "180+1"]
[Date "2023.08.01"]
[WhiteClock "0:00:01"]
[BlackClock "0:00:12"]
[Board "12"]

1. c4 e5 2. Nc3 f5 3. Nf3 Nc6 4. d4 e4 5. Ne5 d6 6. Nxc6 bxc6 7. d5 c5 8. g4 Be7 9. Bh3 fxg4 10. Bg2 Nf6 11. Nxe4 Nxe4 12. Bxe4 O-O 13. Qd3 h6 14. Be3 Bg5 15. O-O-O Rxf2 16. Rdf1 Rxf1+ 17. Rxf1 Bxe3+ 18. Qxe3 Qg5 19. Qxg5 hxg5 20. Kd2 Bd7 21. Bg6 a5 22. Bf5 Bxf5 23. Rxf5 Re8 24. Kd3 Rb8 25. Kc3 Re8 26. Kd3 Rb8 27. b3 a4 28. bxa4 Rb4 29. Rxg5 Rxa4 30. Rxg4 Rxa2 31. Rf4 Ra3+ 32. Ke4 Rh3 33. Rf2 Rc3 34. Kf5 Rxc4 35. Ke6 Rd4 36. Rf5 c4 37. e3 Re4+ 38. Kd7 c3 39. Rf2 Rc4 40. Rc2 Kf7 41. e4 Kf6 0-1


[Site "https://www.chess.com"]

[Event "Titled Tuesday Blitz August 1 Late 2023"]
[White "Volovich, Vasily"]
[Black "Maksimovic, Bojan"]
[WhiteFideId "34169676"]
[BlackFideId "14408120"]
[WhiteElo "2749"]
[BlackElo "2854"]
[Result "0-1"]
[Round "9"]
[TimeControl "180+1"]
[Date "2023.08.01"]
[WhiteClock "0:00:00"]
[BlackClock "0:00:01"]
[Board "13"]

1. e4 g6 2. d4 Nf6 3. Nc3 d5 4. e5 Ne4 5. Bd3 Nxc3 6. bxc3 c5 7. Nf3 Nc6 8. h3 Bg7 9. O-O c4 10. Be2 O-O 11. Bf4 f6 12. exf6 Rxf6 13. Qd2 Bf5 14. Ne5 Nxe5 15. Bxe5 Rf7 16. Bxg7 Rxg7 17. Rab1 Qd7 18. Rfe1 Rf8 19. Bd1 g5 20. Re5 g4 21. h4 g3 22. fxg3 Rxg3 23. Kh2 Rg7 24. Bf3 e6 25. Rf1 Kh8 26. Rf2 Rgf7 27. Bh5 Rf6 28. Qg5 Qg7 29. Qxg7+ Kxg7 30. g4 Bg6 31. Rxf6 Kxf6 32. Kg3 Ke7 33. Bxg6 hxg6 34. h5 gxh5 35. gxh5 Rf1 36. Re2 Rh1 37. Kg4 b5 38. Kg5 Rg1+ 39. Kf4 Kf6 40. Rh2 Rf1+ 41. Kg4 Kg7 42. h6+ Kh7 43. Kg5 Rf5+ 44. Kg4 a5 45. a3 Rf6 46. Kg5 Rf3 47. Kg4 Rxc3 48. Kg5 Rxa3 49. Kf6 Re3 50. Rg2 b4 0-1


[Site "https://www.chess.com"]

[Event "Titled Tuesday Blitz August 1 Late 2023"]
[White "Pichot, Alan"]
[Black "only_strong_moves"]
[WhiteFideId "110973"]
[WhiteElo "2849"]
[BlackElo "2723"]
[Result "1-0"]
[Round "9"]
[TimeControl "180+1"]
[Date "2023.08.01"]
[WhiteClock "0:02:02"]
[BlackClock "0:00:05"]
[Board "14"]

1. Nf3 d5 2. c4 e6 3. g3 Nf6 4. Bg2 Be7 5. O-O O-O 6. d4 c6 7. Qc2 b6 8. Nbd2 Na6 9. a3 c5 10. dxc5 Nxc5 11. b4 Nce4 12. Nxe4 Nxe4 13. cxd5 exd5 14. Bb2 Bf5 15. Qb3 Qd6 16. Rad1 Rfd8 17. Nd4 Bg6 18. h4 a5 19. h5 Bxh5 20. Nf5 Qe6 21. Nxg7 Qg6 22. Rxd5 Bxe2 23. Nf5 Bf6 24. Bxe4 Bxf1 25. Ne7+ Bxe7 26. Bxg6 hxg6 27. Rxd8+ Rxd8 28. Kxf1 1-0


[Site "https://www.chess.com"]

[Event "Titled Tuesday Blitz August 1 Late 2023"]
[White "Volkov, Maksim"]
[Black "Hansen, Eric"]
[WhiteFideId "54123070"]
[BlackFideId "2606771"]
[WhiteElo "2711"]
[BlackElo "2847"]
[Result "1-0"]
[Round "9"]
[TimeControl "180+1"]
[Date "2023.08.01"]
[WhiteClock "0:00:18"]
[BlackClock "0:00:00"]
[Board "15"]

1. d4 Nf6 2. c4 e6 3. g3 Bb4+ 4. Bd2 Be7 5. Bg2 d5 6. Nf3 O-O 7. O-O c6 8. Qc2 a5 9. Rd1 b6 10. Bf4 Ba6 11. Nbd2 Nbd7 12. h4 Rc8 13. Rac1 h6 14. e4 Nh5 15. Be3 Nhf6 16. e5 Ng4 17. Bf4 g5 18. hxg5 hxg5 19. Be3 Nxe3 20. fxe3 Kg7 21. Kf2 g4 22. Nh2 f5 23. exf6+ Nxf6 24. Kg1 Bd6 25. Ndf1 Bxc4 26. e4 e5 27. Qd2 Bxf1 28. Rxf1 Qe7 29. Qg5+ Kh8 30. exd5 c5 31. dxe5 Qxe5 32. Qh4+ Nh7 33. Nxg4 Qd4+ 34. Kh1 Rce8 35. Qh5 Bxg3 36. Rcd1 Qg7 37. Nh6 Bf4 38. Rxf4 Rxf4 39. Qxe8+ Rf8 40. Qh5 Nf6 41. Qh3 1-0


[Site "https://www.chess.com"]

[Event "Titled Tuesday Blitz August 1 Late 2023"]
[White "Rasulov, Vugar"]
[Black "Bjelobrk, Igor"]
[WhiteFideId "13402390"]
[BlackFideId "4300726"]
[WhiteElo "2832"]
[BlackElo "2693"]
[Result "1-0"]
[Round "9"]
[TimeControl "180+1"]
[Date "2023.08.01"]
[WhiteClock "0:00:19"]
[BlackClock "0:00:10"]
[Board "16"]

1. d4 e6 2. c4 b6 3. Nf3 Bb7 4. g3 Bb4+ 5. Bd2 Bxf3 6. exf3 Bxd2+ 7. Qxd2 d5 8. Nc3 Ne7 9. O-O-O c6 10. f4 dxc4 11. Bxc4 b5 12. Be2 Nd7 13. Kb1 O-O 14. h4 a5 15. h5 a4 16. h6 g6 17. Ne4 Nd5 18. Rc1 a3 19. b3 Qb6 20. g4 Rfd8 21. f5 exf5 22. gxf5 N7f6 23. Nc5 b4 24. fxg6 hxg6 25. Bc4 Kh7 26. Qg5 Rd6 27. Ka1 Re8 28. f3 Qd8 29. Nb7 Qe7 30. Nxd6 Qxd6 31. Qd2 Nc3 32. Rhe1 Rxe1 33. Rxe1 Nfd5 34. f4 Nxf4 35. Bxf7 c5 36. Rf1 g5 37. Qc2+ Kxh6 38. Rh1+ Kg7 39. Qh7+ Kf6 40. Rh6+ 1-0


[Site "https://www.chess.com"]

[Event "Titled Tuesday Blitz August 1 Late 2023"]
[White "Ashraf, Artin"]
[Black "Toropov, Pavel"]
[WhiteFideId "22514805"]
[BlackFideId "24129178"]
[WhiteElo "2823"]
[BlackElo "2577"]
[Result "1-0"]
[Round "9"]
[TimeControl "180+1"]
[Date "2023.08.01"]
[WhiteClock "0:01:15"]
[BlackClock "0:00:00"]
[Board "17"]

1. e4 e6 2. d3 d5 3. Nd2 Nf6 4. g3 c5 5. Bg2 Nc6 6. Ngf3 b5 7. O-O Be7 8. Re1 O-O 9. e5 Nd7 10. Nf1 Qc7 11. Bf4 Bb7 12. h4 Rfc8 13. h5 h6 14. Qd2 Qd8 15. N1h2 a5 16. g4 Ra6 17. Kh1 b4 18. c3 Rb6 19. Re2 a4 20. a3 bxc3 21. bxc3 Ba6 22. Rg1 Rcb8 23. g5 Rb2 24. Qe1 hxg5 25. Bc1 Rxe2 26. Qxe2 Rb1 27. Qc2 Rb3 28. Ng4 Qc7 29. Re1 Qb6 30. h6 gxh6 31. Nxh6+ Kg7 32. Nxg5 Kxh6 33. Nxe6+ Kh7 34. d4+ Kg8 35. Bxd5 cxd4 36. Rg1+ Kh8 37. Qf5 Be2 38. Qh3+ 1-0


[Site "https://www.chess.com"]

[Event "Titled Tuesday Blitz August 1 Late 2023"]
[White "Pinheiro, Iung Alicio de O."]
[Black "Ibarra Jerez, Jose Carlos"]
[WhiteFideId "2104350"]
[BlackFideId "2226332"]
[WhiteElo "2639"]
[BlackElo "2875"]
[Result "0-1"]
[Round "9"]
[TimeControl "180+1"]
[Date "2023.08.01"]
[WhiteClock "0:00:00"]
[BlackClock "0:00:41"]
[Board "18"]

1. e4 c5 2. Nf3 Nc6 3. Bb5 e6 4. Bxc6 bxc6 5. b3 e5 6. O-O d6 7. c3 f5 8. exf5 Nf6 9. d4 e4 10. Re1 Be7 11. Nh4 O-O 12. g3 d5 13. Bg5 Rf7 14. Nd2 h6 15. Be3 Nh7 16. Ng6 Bxf5 17. Nxe7+ Qxe7 18. dxc5 Raf8 19. h4 Qd7 20. f4 exf3 21. Qxf3 Bh3 22. Qe2 Nf6 23. Bd4 Ng4 24. Qe6 Qc7 25. Be5 Qa5 26. b4 Qb5 27. Bf4 Qd3 0-1


[Site "https://www.chess.com"]

[Event "Titled Tuesday Blitz August 1 Late 2023"]
[White "Sargsyan, Shant"]
[Black "Manukyan, Sargis A."]
[WhiteFideId "13306766"]
[BlackFideId "13303970"]
[WhiteElo "2962"]
[BlackElo "2667"]
[Result "0-1"]
[Round "9"]
[TimeControl "180+1"]
[Date "2023.08.01"]
[WhiteClock "0:00:00"]
[BlackClock "0:00:06"]
[Board "19"]

1. c4 Nf6 2. b3 e6 3. Bb2 d5 4. Nf3 Be7 5. g3 O-O 6. Bg2 c5 7. O-O Nc6 8. cxd5 Nxd5 9. d4 Bf6 10. e4 Ndb4 11. a3 Na6 12. e5 Be7 13. Nbd2 cxd4 14. b4 Nc7 15. Ne4 Nb5 16. h4 h6 17. Qd3 a6 18. Rfd1 Bd7 19. g4 Bxh4 20. g5 Bxg5 21. Nfxg5 hxg5 22. Qg3 f6 23. exf6 gxf6 24. a4 Nc7 25. Bxd4 Nd5 26. Bc5 Rf7 27. Nd6 Rh7 28. Rxd5 exd5 29. Bxd5+ Kg7 30. Re1 Qh8 31. f4 Rh3 32. Qg2 Qh4 33. Bf2 Qxf4 34. Nxb7 Rah8 35. Nc5 Ne5 36. Nxd7 Rh1+ 37. Qxh1 Rxh1+ 38. Bxh1 Qg4+ 39. Kf1 Qxd7 40. b5 axb5 41. a5 b4 42. Kg1 b3 43. a6 Qg4+ 44. Kh2 Qf4+ 45. Kg1 Qg4+ 46. Kh2 b2 47. a7 Qf4+ 48. Bg3 Qd2+ 49. Kg1 Qxe1+ 50. Bxe1 b1=Q 51. a8=Q Qxe1+ 52. Kg2 Qe2+ 53. Kg1 Qg4+ 54. Kh2 Qh4+ 55. Kg1 Qd4+ 56. Kh2 Ng4+ 57. Kg3 Qf4+ 58. Kg2 Qh2+ 59. Kf3 Qxh1+ 0-1


[Site "https://www.chess.com"]

[Event "Titled Tuesday Blitz August 1 Late 2023"]
[White "Rustemov, Alexander"]
[Black "Ovchinnikov, Vsevolod"]
[WhiteFideId "4119002"]
[BlackFideId "24176842"]
[WhiteElo "2832"]
[BlackElo "2645"]
[Result "1-0"]
[Round "9"]
[TimeControl "180+1"]
[Date "2023.08.01"]
[WhiteClock "0:00:36"]
[BlackClock "0:00:00"]
[Board "20"]

1. d4 Nf6 2. c4 g6 3. Nf3 Bg7 4. g3 d5 5. cxd5 Nxd5 6. Bg2 Nb6 7. O-O Nc6 8. e3 O-O 9. Nc3 e5 10. d5 Ne7 11. e4 Bg4 12. h3 Bxf3 13. Qxf3 c6 14. a4 cxd5 15. a5 Nc4 16. a6 d4 17. axb7 Rb8 18. Na4 Rxb7 19. Nc5 Rb5 20. Nd3 Nc6 21. Qe2 Qb6 22. Qc2 Nd6 23. Bd2 Rc8 24. Rfc1 h5 25. h4 Ne7 26. Qa4 Rxc1+ 27. Rxc1 Rb3 28. Bg5 f6 29. Nc5 Rb4 30. Qd7 fxg5 31. Qxe7 Nf7 32. Ne6 Qb8 33. Rc7 1-0


[Site "https://www.chess.com"]